Red Wings vs Canadiens

Created - November 17, 2025 at 19:02

Goals
1 2 3 OT1 T
Red Wings 0 2 1 0 3
Canadiens 2 1 0 1 4
Shots
1 2 3 OT1 T
Red Wings 4 14 12 0 30
Canadiens 15 7 5 2 29

1st period

1. Canadiens , Mitch Marner 2 (Jakob Chychrun 4, Artemi Panarin 2) at 14:15
2. Canadiens , Patrik Laine 6 (Tomas Nosek 1, Quinn Hughes 3) at 19:43

Penalties :
Philip Samuelsson (Det) for Roughing (Minor) at 1:33, Darnell Nurse (Mtl) for Hooking (Minor) at 11:33, Artemi Panarin (Mtl) for Roughing (Minor) at 16:08

2nd period

3. Red Wings , Ryan Johansen 1 (Philip Samuelsson 4) at 0:49
4. Red Wings , Connor Brown 3 (Colton Parayko 5) at 12:39
5. Canadiens , Tomas Nosek 2 (Quinn Hughes 4, Patrik Laine 2) at 17:14

Penalties :
Connor Brown (Det) for Slashing (Minor) at 4:55

3rd period

6. Red Wings , Carson Mcmillan 3 (Jason Akeson 2, Christoffer Ehn 2) at 7:47 (PP)

Penalties :
Tomas Nosek (Mtl) for Roughing (Double Minor) at 4:03, Patrick Kane (Mtl) for Tripping (Minor) at 8:21, T.J. Hensick (Det) for Interference (Minor) at 14:18

Overtime #1

7. Canadiens , Patrick Kane 2 (Artemi Panarin 3) at 2:49

Penalties :
No Penalty

Goalie Stats

Carter Hart (Det), 25 saves from 29 shots - (0.862), OTL, 3-1-1, 62:49 minutes
Ivan Fedotov (Mtl), 27 saves from 30 shots - (0.900), W, 2-1-0, 62:49 minutes

Players Stats for Red Wings

Player Name              G  A  P  +/- PIM S  H  SB GA TA FO     MP     PP MP  PK MP  
------------------------------------------------------------------------------------
Brendan Woods            0  0  0   0  0   0  0  0  0  0  0/0     9:08   0:00   0:28 
Carson Mcmillan          1  0  1   0  0   2  2  0  0  0  0/0    12:11   0:18   3:14 
Christoffer Ehn          0  1  1  -1  0   0  0  0  0  0  5/9    12:33   0:22   2:51 
Colton Parayko           0  1  1  -2  0   1  3  3  0  0  0/0    26:45   5:19   0:47 
Connor Brown             1  0  1   0  2   9  2  0  1  0  1/3    20:56   5:21   0:00 
Danton Heinen            0  0  0  -1  0   0  4  1  1  0  1/3    18:08   4:02   0:00 
Jake Virtanen            0  0  0  -1  0   3  1  0  1  0  1/1    17:09   4:02   0:00 
Jason Akeson             0  1  1  -1  0   1  0  0  0  0  0/0    10:23   0:13   1:54 
Kale Clague              0  0  0  -1  0   3  0  0  0  0  0/0    19:18   5:19   0:24 
Logan Brown              0  0  0  -2  0   3  4  0  1  1  7/17   18:21   4:02   0:00 
Martin Marincin          0  0  0  -1  0   1  0  1  0  1  0/0    15:13   0:10   2:48 
Michael Kostka           0  0  0  -1  0   0  1  0  0  2  0/0    20:56   0:00   3:09 
Nino Niederreiter        0  0  0   1  0   2  1  1  1  0  1/2    22:09   5:22   1:46 
Philip Samuelsson        0  1  1   1  2   1  0  1  0  0  0/0    20:13   4:12   1:58 
Roland McKeown           0  0  0   1  0   0  1  1  0  0  0/0    15:33   0:10   2:48 
Ryan Johansen            1  0  1   1  0   2  6  0  0  1  10/21  20:42   5:21   0:22 
Sonny Milano             0  0  0  -1  0   1  1  0  1  1  0/0    13:54   4:12   0:00 
T.J. Hensick             0  0  0   0  2   1  1  0  0  0  1/2     8:55   0:00   1:19 

Players Stats for Canadiens

Player Name              G  A  P  +/- PIM S  H  SB GA TA FO     MP     PP MP  PK MP  
------------------------------------------------------------------------------------
Alexander Kerfoot        0  0  0  -2  0   3  3  0  0  2  7/14   16:49   3:05   0:00 
Alexandre Carrier        0  0  0  -2  0   1  0  1  0  0  0/0    17:17   0:00   3:44 
Anze Kopitar             0  0  0   2  0   1  0  0  0  0  4/15   14:45   0:00   5:37 
Artemi Panarin           0  2  2   2  2   3  1  1  0  1  2/3    18:49   3:14   1:02 
Brady Tkachuk            0  0  0   0  0   2  0  0  0  0  0/0    13:12   2:50   0:23 
Darnell Nurse            0  0  0   3  2   1  0  3  1  1  0/0    23:12   0:15   4:50 
Jakob Chychrun           0  1  1   1  0   0  0  1  1  0  0/0    17:20   2:28   1:02 
Jordan Staal             0  0  0   0  0   0  0  0  1  0  4/5    13:29   0:39   2:57 
Matthew Tkachuk          0  0  0  -2  0   0  0  1  0  1  0/0    17:57   3:05   1:30 
Michael Frolik           0  0  0   0  0   1  2  0  1  0  0/0    17:23   0:02   5:26 
Michael Matheson         0  0  0   1  0   2  0  1  0  0  0/0    16:30   0:00   3:44 
Mitch Marner             1  0  1   1  0   2  0  0  0  1  3/4    16:59   2:43   0:00 
Nick Suzuki              0  0  0   1  0   2  1  0  1  0  10/16  15:47   2:35   0:33 
Nicolas Hague            0  0  0  -2  0   0  1  1  0  0  0/0    19:20   0:00   5:57 
Patrick Kane             1  0  1  -1  2   4  1  0  0  0  0/0    16:42   2:28   0:00 
Patrik Laine             1  1  2   2  0   2  1  1  0  0  0/0    10:20   2:50   0:00 
Quinn Hughes             0  2  2   2  0   3  1  0  1  0  0/0    22:29   3:29   0:05 
Tomas Nosek              1  1  2   2  4   2  0  0  0  0  1/1    10:22   0:02   1:54 

3 Stars

1 - Patrik Laine (Mtl)
2 - Ryan Johansen (Det)
3 - Quinn Hughes (Mtl)

Power Play

Red Wings - 1 on 5 Attempt(s) - 20.00%
Canadiens - 0 on 3 Attempt(s) - 0.00%

Penalty Kill

Red Wings - 3 on 3 Attempt(s) - 100.00% - Score 0 goal in Penalty Kill
Canadiens - 4 on 5 Attempt(s) - 80.00% - Score 0 goal in Penalty Kill

Team Stat

Red Wings - Hits : 27 - Faceoff Wins : 27 - Blocked Shots : 8 - Penalty Minutes : 6
Canadiens - Hits : 11 - Faceoff Wins : 31 - Blocked Shots : 10 - Penalty Minutes : 10

Official

Referees : Brian Pochmara and Jean Hebert
Linesman : Matt MacPherson and Pierre Racicot

Game Notes

No Game Note

Finance

Level 1 -- Attendance: 6000 (100.00%) -- Ticket Income $600,000
Level 2 -- Attendance: 4841 (96.82%) -- Ticket Income $338,870
Level 3 -- Attendance: 1982 (99.10%) -- Ticket Income $79,280
Level 4 -- Attendance: 4000 (100.00%) -- Ticket Income $120,000
Luxury Box -- Attendance: 1000 (100.00%) -- Ticket Income $200,000
Game was played at the Centre Bell.
Total Attendance: 17823 (99.02%)
Total Ticket Income: $1,338,150
Other Income: $200,722
Total Income: $1,538,872

Red Wings

5 vs 5 Forward 
   Center                   Left Wing                Right Wing               Time % Phy DF OF 
 1 Ryan Johansen            Nino Niederreiter        Connor Brown             35     1   2  2  
 2 Logan Brown              Danton Heinen            Jake Virtanen            35     1   2  2  
 3 Christoffer Ehn          Sonny Milano             Jason Akeson             20     1   2  2  
 4 T.J. Hensick             Brendan Woods            Carson Mcmillan          10     1   2  2  

5 vs 5 Defense 
   Defense                  Defense                                           Time % Phy DF OF 
 1 Michael Kostka           Colton Parayko                                    40     1   2  2  
 2 Philip Samuelsson        Roland McKeown                                    30     1   2  2  
 3 Kale Clague              Martin Marincin                                   20     1   2  2  
 4 Kale Clague              Martin Marincin                                   10     1   2  2  

PowerPlay Forward 
   Center                   Left Wing                Right Wing               Time % Phy DF OF 
 1 Ryan Johansen            Nino Niederreiter        Connor Brown             60     1   2  2  
 2 Logan Brown              Danton Heinen            Jake Virtanen            40     1   2  2  

PowerPlay Defense
   Defense                  Defense                                           Time % Phy DF OF 
 1 Kale Clague              Colton Parayko                                    60     1   2  2  
 2 Philip Samuelsson        Sonny Milano                                      40     1   2  2  

Penalty Kill 4 Players Forward 
   Center                   Wing                     Time % Phy DF OF 
 1 Christoffer Ehn          Carson Mcmillan          60     1   2  2  
 2 T.J. Hensick             Jason Akeson             40     1   2  2  

Penalty Kill 4 Players Defense
   Defense                  Defense                  Time % Phy DF OF 
 1 Martin Marincin          Roland McKeown           60     1   2  2  
 2 Michael Kostka           Philip Samuelsson        40     1   2  2  

Penalty Kill - 3 Players Forward 
   Forward                                           Time % Phy DF OF 
 1 Christoffer Ehn                                   60     1   2  2  
 2 Carson Mcmillan                                   40     1   2  2  

Penalty Kill - 3 Players Defense
   Defense                  Defense                  Time % Phy DF OF 
 1 Martin Marincin          Roland McKeown           60     1   2  2  
 2 Philip Samuelsson        Michael Kostka           40     1   2  2  

4 vs 4 Forward 
   Center                   Wing                     Time % Phy DF OF 
 1 Nino Niederreiter        Connor Brown             60     1   2  2  
 2 Ryan Johansen            Danton Heinen            40     1   2  2  

4 vs 4 Defense
   Defense                  Defense                  Time % Phy DF OF 
 1 Michael Kostka           Philip Samuelsson        60     1   2  2  
 2 Colton Parayko           Roland McKeown           40     1   2  2  

Last Minutes Offensive
   Center                   Left Wing                Right Wing               Defense                  Defense                  
   Ryan Johansen            Nino Niederreiter        Connor Brown             Colton Parayko           Danton Heinen            

Last Minutes Defensive
   Center                   Left Wing                Right Wing               Defense                  Defense                  
   Christoffer Ehn          T.J. Hensick             Carson Mcmillan          Colton Parayko           Roland McKeown           

Goaltenders
Starting : Carter Hart              
Backup : Matt Hackett             

Extra Forwards
Normal : Logan Brown, Christoffer Ehn, Danton Heinen - PP : Christoffer Ehn, Carson Mcmillan - PK : Nino Niederreiter
Extra Defensemen
Normal : Martin Marincin, Roland McKeown, Kale Clague - PP : Roland McKeown - PK : Colton Parayko, Kale Clague
Penalty Shots
Sonny Milano, Nino Niederreiter, Carson Mcmillan, Ryan Johansen, Danton Heinen
Custom OT Lines Forwards
Logan Brown, Connor Brown, Nino Niederreiter, Ryan Johansen, Danton Heinen, Sonny Milano, Jake Virtanen, Brendan Woods, Christoffer Ehn, Carson Mcmillan
Custom OT Lines Defensemen
Colton Parayko, Philip Samuelsson, Kale Clague, Roland McKeown, Martin Marincin

Scratches
Dylan Larkin (Healthy), Ivan Provorov (Healthy)

Canadiens

5 vs 5 Forward 
   Center                   Left Wing                Right Wing               Time % Phy DF OF 
 1 Alexander Kerfoot        Matthew Tkachuk          Patrick Kane             30     1   2  2  
 2 Nick Suzuki              Artemi Panarin           Mitch Marner             30     1   2  2  
 3 Jordan Staal             Brady Tkachuk            Michael Frolik           20     1   2  2  
 4 Anze Kopitar             Tomas Nosek              Patrik Laine             20     1   2  2  

5 vs 5 Defense 
   Defense                  Defense                                           Time % Phy DF OF 
 1 Darnell Nurse            Quinn Hughes                                      40     1   2  2  
 2 Michael Matheson         Jakob Chychrun                                    30     1   2  2  
 3 Nicolas Hague            Alexandre Carrier                                 30     1   2  2  
 4 Darnell Nurse            Alexandre Carrier                                 0      1   2  2  

PowerPlay Forward 
   Center                   Left Wing                Right Wing               Time % Phy DF OF 
 1 Alexander Kerfoot        Matthew Tkachuk          Mitch Marner             60     0   2  3  
 2 Nick Suzuki              Brady Tkachuk            Patrik Laine             40     0   2  3  

PowerPlay Defense
   Defense                  Defense                                           Time % Phy DF OF 
 1 Artemi Panarin           Quinn Hughes                                      60     1   2  2  
 2 Jakob Chychrun           Patrick Kane                                      40     1   2  2  

Penalty Kill 4 Players Forward 
   Center                   Wing                     Time % Phy DF OF 
 1 Anze Kopitar             Michael Frolik           60     1   2  2  
 2 Jordan Staal             Tomas Nosek              40     1   2  2  

Penalty Kill 4 Players Defense
   Defense                  Defense                  Time % Phy DF OF 
 1 Darnell Nurse            Nicolas Hague            60     1   2  2  
 2 Michael Matheson         Alexandre Carrier        40     1   2  2  

Penalty Kill - 3 Players Forward 
   Forward                                           Time % Phy DF OF 
 1 Anze Kopitar                                      60     1   2  2  
 2 Tomas Nosek                                       40     1   2  2  

Penalty Kill - 3 Players Defense
   Defense                  Defense                  Time % Phy DF OF 
 1 Darnell Nurse            Nicolas Hague            60     1   2  2  
 2 Michael Matheson         Alexandre Carrier        40     1   2  2  

4 vs 4 Forward 
   Center                   Wing                     Time % Phy DF OF 
 1 Alexander Kerfoot        Artemi Panarin           60     1   2  2  
 2 Mitch Marner             Patrick Kane             40     1   2  2  

4 vs 4 Defense
   Defense                  Defense                  Time % Phy DF OF 
 1 Darnell Nurse            Quinn Hughes             60     1   2  2  
 2 Michael Matheson         Jakob Chychrun           40     1   2  2  

Last Minutes Offensive
   Center                   Left Wing                Right Wing               Defense                  Defense                  
   Alexander Kerfoot        Artemi Panarin           Patrick Kane             Quinn Hughes             Jakob Chychrun           

Last Minutes Defensive
   Center                   Left Wing                Right Wing               Defense                  Defense                  
   Anze Kopitar             Tomas Nosek              Patrick Kane             Darnell Nurse            Nicolas Hague            

Goaltenders
Starting : Ivan Fedotov             
Backup : Carey Price              

Extra Forwards
Normal : Patrick Kane, Mitch Marner, Patrik Laine - PP : Jordan Staal, Michael Frolik - PK : Matthew Tkachuk
Extra Defensemen
Normal : Darnell Nurse, Quinn Hughes, Jakob Chychrun - PP : Darnell Nurse - PK : Jakob Chychrun, Quinn Hughes
Penalty Shots
Patrick Kane, Artemi Panarin, Michael Frolik, Nick Suzuki, Patrik Laine
Custom OT Lines Forwards
Patrick Kane, Artemi Panarin, Alexander Kerfoot, Mitch Marner, Jordan Staal, Matthew Tkachuk, Michael Frolik, Nick Suzuki, Brady Tkachuk, Patrik Laine
Custom OT Lines Defensemen
Darnell Nurse, Quinn Hughes, Jakob Chychrun, Michael Matheson, Nicolas Hague

Scratches
Brent Burns (Healthy)

% Time on Ice - Red Wings

Lines # - Real PCT - Wanted PCT - Time Play
Normal Forward
1 - 34% - 35% - 14:56
2 - 31% - 35% - 13:38
3 - 19% - 20% - 8:16
4 - 17% - 10% - 7:32
Normal Defense
1 - 41% - 40% - 18:01
2 - 30% - 30% - 13:17
3 - 21% - 20% - 9:30
4 - 8% - 10% - 3:34
PP Forward
1 - 58% - 60% - 5:39
2 - 42% - 40% - 4:02
PP Defense
1 - 57% - 60% - 5:29
2 - 43% - 40% - 4:12
PK Forward
1 - 68% - 60% - 4:03
2 - 32% - 40% - 1:54
PK Defense
1 - 47% - 60% - 2:48
2 - 53% - 40% - 3:09
PK3 Forward
1 - 0% - 60%
2 - 0% - 40%
PK3 Defense
1 - 0% - 60%
2 - 0% - 40%
44 Forward
1 - 0% - 60%
2 - 0% - 40%
44 Defense
1 - 0% - 60%
2 - 0% - 40%
Last Minute Offensive  - 0:00
Last Minute Defensive  - 0:00
Total
Forward - 60:00
Defense - 60:00

% Time on Ice - Canadiens

Lines # - Real PCT - Wanted PCT - Time Play
Normal Forward
1 - 30% - 30% - 13:12
2 - 32% - 30% - 14:18
3 - 20% - 20% - 8:47
4 - 18% - 20% - 8:05
Normal Defense
1 - 40% - 40% - 17:35
2 - 30% - 30% - 13:27
3 - 30% - 30% - 13:20
4 - 0% - 0% - 0:00
PP Forward
1 - 52% - 60% - 3:07
2 - 48% - 40% - 2:50
PP Defense
1 - 59% - 60% - 3:29
2 - 41% - 40% - 2:28
PK Forward
1 - 70% - 60% - 6:44
2 - 30% - 40% - 2:57
PK Defense
1 - 61% - 60% - 5:57
2 - 39% - 40% - 3:44
PK3 Forward
1 - 0% - 60%
2 - 0% - 40%
PK3 Defense
1 - 0% - 60%
2 - 0% - 40%
44 Forward
1 - 0% - 60%
2 - 0% - 40%
44 Defense
1 - 0% - 60%
2 - 0% - 40%
Last Minute Offensive  - 0:00
Last Minute Defensive  - 0:00
Total
Forward - 60:00
Defense - 60:00

Play-by-Play

1st period


0:01 of 1st period - Ryan Johansen wins face-off versus Alexander Kerfoot in neutral zone.
0:26 of 1st period - Colton Parayko is hit by Nick Suzuki and loses puck.
0:42 of 1st period - Icing by Artemi Panarin.
0:43 of 1st period - Christoffer Ehn wins face-off versus Nick Suzuki in Canadiens zone.
1:08 of 1st period - Wrist shot by Artemi Panarin.
1:08 of 1st period - Stopped by Carter Hart with a rebound.
1:10 of 1st period - Slapshot by Michael Matheson.
1:10 of 1st period - Stopped by Carter Hart with a rebound.
1:12 of 1st period - Slapshot by Michael Matheson.
1:12 of 1st period - Stopped by Carter Hart with a rebound.
1:14 of 1st period - Snap shot by Mitch Marner.
1:14 of 1st period - Stopped by Carter Hart with a rebound.
1:33 of 1st period - Minor Penalty to Philip Samuelsson for Roughing.
1:34 of 1st period - Christoffer Ehn wins face-off versus Alexander Kerfoot in Red Wings zone.
3:24 of 1st period - Jakob Chychrun is hit by Ryan Johansen and loses puck.
3:33 of 1st period - Penalty to Philip Samuelsson is over, Philip Samuelsson is back on ice.
3:41 of 1st period - Quinn Hughes is hit by Logan Brown and loses puck.
5:47 of 1st period - Artemi Panarin is hit by Ryan Johansen and loses puck.
6:03 of 1st period - Icing by Martin Marincin.
6:04 of 1st period - Alexander Kerfoot wins face-off versus Logan Brown in Red Wings zone.
6:05 of 1st period - Slapshot by Patrick Kane.
6:05 of 1st period - Stopped by Carter Hart with a rebound.
6:53 of 1st period - Snap shot by Carson Mcmillan.
6:53 of 1st period - Shot Misses the Net.
6:55 of 1st period - Wrist shot by Brendan Woods.
6:55 of 1st period - Shot Misses the Net.
6:57 of 1st period - Wrist shot by Carson Mcmillan.
6:57 of 1st period - Shot Misses the Net.
7:07 of 1st period - Wrist shot by Nick Suzuki.
7:07 of 1st period - Shot Misses the Net.
7:09 of 1st period - Slapshot by Jakob Chychrun.
7:09 of 1st period - Shot Misses the Net.
7:11 of 1st period - Wrist shot by Mitch Marner.
7:11 of 1st period - Shot Misses the Net.
7:35 of 1st period - Icing by Logan Brown.
7:36 of 1st period - Anze Kopitar wins face-off versus Logan Brown in Red Wings zone.
7:39 of 1st period - Snap shot by Anze Kopitar.
7:39 of 1st period - Stopped by Carter Hart with a rebound.
8:05 of 1st period - Snap shot by Tomas Nosek.
8:05 of 1st period - Shot Hit the Post.
8:55 of 1st period - Slapshot by Quinn Hughes.
8:55 of 1st period - Deflect By Logan Brown.
8:55 of 1st period - Stopped by Carter Hart without a rebound.
8:56 of 1st period - Alexander Kerfoot wins face-off versus Ryan Johansen in Red Wings zone.
9:01 of 1st period - Snap shot by Alexander Kerfoot.
9:01 of 1st period - Shot Misses the Net.
9:03 of 1st period - Slapshot by Matthew Tkachuk.
9:03 of 1st period - Deflect By Alexander Kerfoot.
9:03 of 1st period - Stopped by Carter Hart with a rebound.
9:05 of 1st period - Snap shot by Patrick Kane.
9:05 of 1st period - Shot Misses the Net.
9:07 of 1st period - Wrist shot by Alexander Kerfoot.
9:07 of 1st period - Stopped by Carter Hart with a rebound.
9:11 of 1st period - Wrist shot by Matthew Tkachuk.
9:11 of 1st period - Shot Blocked by Martin Marincin.
9:13 of 1st period - Wrist shot by Matthew Tkachuk.
9:13 of 1st period - Shot Misses the Net.
10:46 of 1st period - Ryan Johansen is hit by Alexander Kerfoot and loses puck.
11:24 of 1st period - Matthew Tkachuk is hit by Logan Brown.
11:33 of 1st period - Minor Penalty to Darnell Nurse for Hooking.
11:34 of 1st period - Ryan Johansen wins face-off versus Anze Kopitar in Canadiens zone.
11:48 of 1st period - Slapshot by Philip Samuelsson.
11:48 of 1st period - Stopped by Ivan Fedotov without a rebound.
11:49 of 1st period - Anze Kopitar wins face-off versus Ryan Johansen in Canadiens zone.
12:00 of 1st period - Snap shot by Nino Niederreiter.
12:00 of 1st period - Stopped by Ivan Fedotov without a rebound.
12:01 of 1st period - Anze Kopitar wins face-off versus Ryan Johansen in Canadiens zone.
12:10 of 1st period - Anze Kopitar is hit by Connor Brown and loses puck.
12:37 of 1st period - Nicolas Hague is hit by Colton Parayko and loses puck.
13:33 of 1st period - Penalty to Darnell Nurse is over, Darnell Nurse is back on ice.
13:48 of 1st period - Patrick Kane is hit by Carson Mcmillan and loses puck.
14:05 of 1st period - Off-side.
14:06 of 1st period - Nick Suzuki wins face-off versus Nino Niederreiter in neutral zone.
14:15 of 1st period - Snap shot by Mitch Marner.
14:15 of 1st period - Goal by Mitch Marner - Red Wings : 0 - Canadiens : 1.
14:16 of 1st period - Ryan Johansen wins face-off versus Alexander Kerfoot in neutral zone.
14:21 of 1st period - Snap shot by Connor Brown.
14:21 of 1st period - Shot Blocked by Darnell Nurse.
14:36 of 1st period - Icing by Darnell Nurse.
14:37 of 1st period - Logan Brown wins face-off versus Alexander Kerfoot in Canadiens zone.
14:44 of 1st period - Snap shot by Danton Heinen.
14:44 of 1st period - Shot Misses the Net.
14:46 of 1st period - Slapshot by Martin Marincin.
14:46 of 1st period - Shot Blocked by Darnell Nurse.
14:50 of 1st period - Wrist shot by Danton Heinen.
14:50 of 1st period - Shot Misses the Net.
15:11 of 1st period - Snap shot by Nick Suzuki.
15:11 of 1st period - Stopped by Carter Hart with a rebound.
15:54 of 1st period - Slapshot by Anze Kopitar.
15:54 of 1st period - Shot Blocked by Philip Samuelsson.
15:56 of 1st period - Slapshot by Tomas Nosek.
15:56 of 1st period - Shot Misses the Net.
15:58 of 1st period - Snap shot by Patrik Laine.
15:58 of 1st period - Stopped by Carter Hart with a rebound.
16:00 of 1st period - Backhand shot by Tomas Nosek.
16:00 of 1st period - Stopped by Carter Hart without a rebound.
16:01 of 1st period - Ryan Johansen wins face-off versus Nick Suzuki in Red Wings zone.
16:01 of 1st period - Ryan Johansen is hit by Artemi Panarin.
16:08 of 1st period - Minor Penalty to Artemi Panarin for Roughing.
16:09 of 1st period - Anze Kopitar wins face-off versus Ryan Johansen in Canadiens zone.
16:15 of 1st period - Snap shot by Michael Frolik.
16:15 of 1st period - Shot Blocked by Colton Parayko.
16:25 of 1st period - Snap shot by Connor Brown.
16:25 of 1st period - Stopped by Ivan Fedotov with a rebound.
16:43 of 1st period - Off-side.
16:44 of 1st period - Ryan Johansen wins face-off versus Anze Kopitar in neutral zone.
16:47 of 1st period - Slapshot by Sonny Milano.
16:47 of 1st period - Deflect By Ryan Johansen.
16:47 of 1st period - Shot Misses the Net.
16:47 of 1st period - Puck is out of play.
16:48 of 1st period - Ryan Johansen wins face-off versus Anze Kopitar in Canadiens zone.
17:01 of 1st period - Alexandre Carrier is hit by Nino Niederreiter and loses puck.
18:08 of 1st period - Penalty to Artemi Panarin is over, Artemi Panarin is back on ice.
18:22 of 1st period - Darnell Nurse is hit by Carson Mcmillan and loses puck.
18:29 of 1st period - Philip Samuelsson is hit by Quinn Hughes and loses puck.
19:08 of 1st period - Snap shot by Brady Tkachuk.
19:08 of 1st period - Shot Misses the Net.
19:29 of 1st period - Wrist shot by Logan Brown.
19:29 of 1st period - Shot Blocked by Patrik Laine.
19:31 of 1st period - Slapshot by Martin Marincin.
19:31 of 1st period - Stopped by Ivan Fedotov without a rebound.
19:32 of 1st period - Danton Heinen wins face-off versus Anze Kopitar in Canadiens zone.
19:43 of 1st period - Wrist shot by Patrik Laine.
19:43 of 1st period - Goal by Patrik Laine - Red Wings : 0 - Canadiens : 2.
19:44 of 1st period - Mitch Marner wins face-off versus Ryan Johansen in neutral zone.
19:59 of 1st period - Wrist shot by Mitch Marner.
19:59 of 1st period - Deflect By Artemi Panarin.
19:59 of 1st period - Stopped by Carter Hart without a rebound.
Goals for this period are 0 for Red Wings vs 2 for Canadiens.
Shots for this period are 4 for Red Wings vs 15 for Canadiens.

2nd period


0:01 of 2nd period - Alexander Kerfoot wins face-off versus Ryan Johansen in neutral zone.
0:10 of 2nd period - Wrist shot by Patrick Kane.
0:10 of 2nd period - Stopped by Carter Hart without a rebound.
0:11 of 2nd period - Nick Suzuki wins face-off versus Logan Brown in Red Wings zone.
0:43 of 2nd period - Wrist shot by Connor Brown.
0:43 of 2nd period - Stopped by Ivan Fedotov without a rebound.
0:44 of 2nd period - Alexander Kerfoot wins face-off versus Ryan Johansen in Canadiens zone.
0:44 of 2nd period - Patrick Kane is hit by Ryan Johansen and loses puck.
0:49 of 2nd period - Snap shot by Ryan Johansen.
0:49 of 2nd period - Goal by Ryan Johansen - Red Wings : 1 - Canadiens : 2.
0:50 of 2nd period - Nick Suzuki wins face-off versus Logan Brown in neutral zone.
1:03 of 2nd period - Snap shot by Artemi Panarin.
1:03 of 2nd period - Stopped by Carter Hart with a rebound.
1:05 of 2nd period - Snap shot by Nicolas Hague.
1:05 of 2nd period - Shot Misses the Net.
1:07 of 2nd period - Snap shot by Alexandre Carrier.
1:07 of 2nd period - Stopped by Carter Hart with a rebound.
2:08 of 2nd period - Wrist shot by Patrik Laine.
2:08 of 2nd period - Shot Misses the Net.
2:10 of 2nd period - Slapshot by Quinn Hughes.
2:10 of 2nd period - Shot Misses the Net.
2:30 of 2nd period - Snap shot by Jake Virtanen.
2:30 of 2nd period - Deflect By Mitch Marner.
2:30 of 2nd period - Shot Blocked by Artemi Panarin.
2:30 of 2nd period - Puck is out of play.
2:31 of 2nd period - Nick Suzuki wins face-off versus Ryan Johansen in Canadiens zone.
2:31 of 2nd period - Nick Suzuki is hit by Ryan Johansen.
3:05 of 2nd period - Snap shot by Patrick Kane.
3:05 of 2nd period - Shot Misses the Net.
3:43 of 2nd period - Brendan Woods is hit by Patrik Laine and loses puck.
4:15 of 2nd period - Wrist shot by Connor Brown.
4:15 of 2nd period - Stopped by Ivan Fedotov without a rebound.
4:16 of 2nd period - Logan Brown wins face-off versus Alexander Kerfoot in Canadiens zone.
4:19 of 2nd period - Wrist shot by Logan Brown.
4:19 of 2nd period - Shot Blocked by Jakob Chychrun.
4:21 of 2nd period - Snap shot by Danton Heinen.
4:21 of 2nd period - Deflect By Jake Virtanen.
4:21 of 2nd period - Stopped by Ivan Fedotov with a rebound.
4:23 of 2nd period - Snap shot by Logan Brown.
4:23 of 2nd period - Stopped by Ivan Fedotov without a rebound.
4:24 of 2nd period - Logan Brown wins face-off versus Alexander Kerfoot in Canadiens zone.
4:31 of 2nd period - Snap shot by Logan Brown.
4:31 of 2nd period - Stopped by Ivan Fedotov without a rebound.
4:32 of 2nd period - Jordan Staal wins face-off versus Ryan Johansen in Canadiens zone.
4:47 of 2nd period - Wrist shot by Michael Frolik.
4:47 of 2nd period - Stopped by Carter Hart with a rebound.
4:55 of 2nd period - Minor Penalty to Connor Brown for Slashing.
4:56 of 2nd period - Christoffer Ehn wins face-off versus Mitch Marner in Red Wings zone.
5:32 of 2nd period - Slapshot by Quinn Hughes.
5:32 of 2nd period - Deflect By Brady Tkachuk.
5:32 of 2nd period - Stopped by Carter Hart with a rebound.
5:34 of 2nd period - Slapshot by Artemi Panarin.
5:34 of 2nd period - Shot Blocked by Roland McKeown.
5:44 of 2nd period - Slapshot by Patrik Laine.
5:44 of 2nd period - Shot Misses the Net.
6:55 of 2nd period - Penalty to Connor Brown is over, Connor Brown is back on ice.
7:05 of 2nd period - Jakob Chychrun is hit by Danton Heinen and loses puck.
7:14 of 2nd period - Jake Virtanen is hit by Michael Frolik and loses puck.
8:22 of 2nd period - Slapshot by Quinn Hughes.
8:22 of 2nd period - Stopped by Carter Hart with a rebound.
9:04 of 2nd period - Jason Akeson is hit by Alexander Kerfoot and loses puck.
9:52 of 2nd period - Off-side.
9:53 of 2nd period - Nick Suzuki wins face-off versus Ryan Johansen in neutral zone.
10:13 of 2nd period - Michael Kostka is hit by Patrick Kane and loses puck.
11:20 of 2nd period - Alexandre Carrier is hit by Ryan Johansen and loses puck.
12:39 of 2nd period - Wrist shot by Connor Brown.
12:39 of 2nd period - Deflect By Alexandre Carrier.
12:39 of 2nd period - Goal by Connor Brown - Red Wings : 2 - Canadiens : 2.
12:40 of 2nd period - Nick Suzuki wins face-off versus Logan Brown in neutral zone.
13:13 of 2nd period - Snap shot by Jason Akeson.
13:13 of 2nd period - Stopped by Ivan Fedotov without a rebound.
13:14 of 2nd period - Jordan Staal wins face-off versus Christoffer Ehn in Canadiens zone.
13:24 of 2nd period - Icing by Sonny Milano.
13:25 of 2nd period - Nick Suzuki wins face-off versus Christoffer Ehn in Red Wings zone.
14:17 of 2nd period - Jordan Staal is hit by Danton Heinen and loses puck.
15:02 of 2nd period - Wrist shot by Nick Suzuki.
15:02 of 2nd period - Shot Blocked by Danton Heinen.
15:20 of 2nd period - Wrist shot by Jake Virtanen.
15:20 of 2nd period - Stopped by Ivan Fedotov without a rebound.
15:21 of 2nd period - T.J. Hensick wins face-off versus Anze Kopitar in Canadiens zone.
15:22 of 2nd period - Snap shot by Brendan Woods.
15:22 of 2nd period - Shot Blocked by Darnell Nurse.
16:11 of 2nd period - Off-side.
16:12 of 2nd period - Jordan Staal wins face-off versus Ryan Johansen in neutral zone.
16:17 of 2nd period - Snap shot by Connor Brown.
16:17 of 2nd period - Stopped by Ivan Fedotov with a rebound.
16:19 of 2nd period - Snap shot by Connor Brown.
16:19 of 2nd period - Shot Misses the Net.
16:21 of 2nd period - Wrist shot by Nino Niederreiter.
16:21 of 2nd period - Shot Blocked by Alexandre Carrier.
16:23 of 2nd period - Slapshot by Roland McKeown.
16:23 of 2nd period - Deflect By Nino Niederreiter.
16:23 of 2nd period - Stopped by Ivan Fedotov with a rebound.
16:37 of 2nd period - Danton Heinen is hit by Nicolas Hague and loses puck.
17:02 of 2nd period - Wrist shot by Sonny Milano.
17:02 of 2nd period - Stopped by Ivan Fedotov without a rebound.
17:03 of 2nd period - Tomas Nosek wins face-off versus Christoffer Ehn in Canadiens zone.
17:14 of 2nd period - Wrist shot by Tomas Nosek.
17:14 of 2nd period - Goal by Tomas Nosek - Red Wings : 2 - Canadiens : 3.
17:15 of 2nd period - Nick Suzuki wins face-off versus Logan Brown in neutral zone.
18:24 of 2nd period - Snap shot by Connor Brown.
18:24 of 2nd period - Stopped by Ivan Fedotov without a rebound.
18:25 of 2nd period - Nick Suzuki wins face-off versus Logan Brown in Canadiens zone.
18:25 of 2nd period - Nick Suzuki is hit by Roland McKeown.
18:47 of 2nd period - Icing by Artemi Panarin.
18:48 of 2nd period - Christoffer Ehn wins face-off versus Alexander Kerfoot in Canadiens zone.
18:58 of 2nd period - Snap shot by Jason Akeson.
18:58 of 2nd period - Shot Blocked by Matthew Tkachuk.
19:00 of 2nd period - Slapshot by Colton Parayko.
19:00 of 2nd period - Stopped by Ivan Fedotov without a rebound.
19:01 of 2nd period - Logan Brown wins face-off versus Artemi Panarin in Canadiens zone.
19:02 of 2nd period - Snap shot by Danton Heinen.
19:02 of 2nd period - Shot Blocked by Michael Matheson.
19:50 of 2nd period - Darnell Nurse is hit by Sonny Milano and loses puck.
Goals for this period are 2 for Red Wings vs 1 for Canadiens.
Shots for this period are 14 for Red Wings vs 7 for Canadiens.

3rd period


0:01 of 3rd period - Logan Brown wins face-off versus Nick Suzuki in neutral zone.
0:26 of 3rd period - Matthew Tkachuk is hit by Connor Brown and loses puck.
0:53 of 3rd period - Icing by Jordan Staal.
0:54 of 3rd period - Jordan Staal wins face-off versus T.J. Hensick in Canadiens zone.
2:16 of 3rd period - Kale Clague is hit by Michael Frolik and loses puck.
2:27 of 3rd period - Michael Matheson is hit by T.J. Hensick and loses puck.
2:34 of 3rd period - Wrist shot by Brady Tkachuk.
2:34 of 3rd period - Stopped by Carter Hart without a rebound.
2:35 of 3rd period - Nick Suzuki wins face-off versus Logan Brown in Red Wings zone.
3:30 of 3rd period - Slapshot by Roland McKeown.
3:30 of 3rd period - Deflect By Connor Brown.
3:30 of 3rd period - Stopped by Ivan Fedotov with a rebound.
3:44 of 3rd period - Quinn Hughes is hit by Logan Brown and loses puck.
3:49 of 3rd period - Wrist shot by Jake Virtanen.
3:49 of 3rd period - Shot Misses the Net.
3:51 of 3rd period - Slapshot by Kale Clague.
3:51 of 3rd period - Stopped by Ivan Fedotov with a rebound.
3:53 of 3rd period - Wrist shot by Logan Brown.
3:53 of 3rd period - Shot Misses the Net.
3:55 of 3rd period - Snap shot by Logan Brown.
3:55 of 3rd period - Stopped by Ivan Fedotov with a rebound.
3:57 of 3rd period - Slapshot by Kale Clague.
3:57 of 3rd period - Stopped by Ivan Fedotov with a rebound.
4:03 of 3rd period - Double Minor Penalty to Tomas Nosek for Roughing.
4:04 of 3rd period - Ryan Johansen wins face-off versus Anze Kopitar in Canadiens zone.
4:07 of 3rd period - Wrist shot by Nino Niederreiter.
4:07 of 3rd period - Shot Blocked by Nicolas Hague.
4:09 of 3rd period - Wrist shot by Connor Brown.
4:09 of 3rd period - Stopped by Ivan Fedotov without a rebound.
4:10 of 3rd period - Connor Brown wins face-off versus Anze Kopitar in Canadiens zone.
4:21 of 3rd period - Snap shot by Ryan Johansen.
4:21 of 3rd period - Stopped by Ivan Fedotov without a rebound.
4:22 of 3rd period - Ryan Johansen wins face-off versus Anze Kopitar in Canadiens zone.
4:25 of 3rd period - Wrist shot by Connor Brown.
4:25 of 3rd period - Stopped by Ivan Fedotov with a rebound.
4:55 of 3rd period - Snap shot by Jake Virtanen.
4:55 of 3rd period - Stopped by Ivan Fedotov with a rebound.
4:57 of 3rd period - Wrist shot by Kale Clague.
4:57 of 3rd period - Stopped by Ivan Fedotov without a rebound.
4:58 of 3rd period - Ryan Johansen wins face-off versus Anze Kopitar in Canadiens zone.
5:24 of 3rd period - Wrist shot by Logan Brown.
5:24 of 3rd period - Shot Misses the Net.
5:44 of 3rd period - Darnell Nurse is hit by Colton Parayko and loses puck.
7:43 of 3rd period - Wrist shot by Carson Mcmillan.
7:43 of 3rd period - Stopped by Ivan Fedotov without a rebound.
7:44 of 3rd period - Christoffer Ehn wins face-off versus Jordan Staal in Canadiens zone.
7:45 of 3rd period - Snap shot by Jason Akeson.
7:45 of 3rd period - Shot Misses the Net.
7:47 of 3rd period - Snap shot by Carson Mcmillan.
7:47 of 3rd period - Goal by Carson Mcmillan - Red Wings : 3 - Canadiens : 3.
7:48 of 3rd period - Jake Virtanen wins face-off versus Nick Suzuki in neutral zone.
7:51 of 3rd period - Quinn Hughes is hit by Colton Parayko and loses puck.
8:21 of 3rd period - Minor Penalty to Patrick Kane for Tripping.
8:22 of 3rd period - Ryan Johansen wins face-off versus Anze Kopitar in Canadiens zone.
8:48 of 3rd period - Darnell Nurse is hit by Jake Virtanen and loses puck.
9:17 of 3rd period - Slapshot by Darnell Nurse.
9:17 of 3rd period - Shot Blocked by Nino Niederreiter.
9:30 of 3rd period - Icing by Jake Virtanen.
9:31 of 3rd period - Logan Brown wins face-off versus Anze Kopitar in Red Wings zone.
9:36 of 3rd period - Anze Kopitar is hit by Danton Heinen and loses puck.
10:21 of 3rd period - Penalty to Patrick Kane is over, Patrick Kane is back on ice.
10:36 of 3rd period - Snap shot by Patrick Kane.
10:36 of 3rd period - Shot Blocked by Colton Parayko.
10:38 of 3rd period - Backhand shot by Darnell Nurse.
10:38 of 3rd period - Stopped by Carter Hart without a rebound.
10:39 of 3rd period - Alexander Kerfoot wins face-off versus Logan Brown in Red Wings zone.
10:40 of 3rd period - Slapshot by Patrick Kane.
10:40 of 3rd period - Stopped by Carter Hart without a rebound.
10:41 of 3rd period - Alexander Kerfoot wins face-off versus Logan Brown in Red Wings zone.
10:44 of 3rd period - Wrist shot by Patrick Kane.
10:44 of 3rd period - Shot Misses the Net.
11:19 of 3rd period - Snap shot by Alexander Kerfoot.
11:19 of 3rd period - Stopped by Carter Hart without a rebound.
11:20 of 3rd period - Logan Brown wins face-off versus Nick Suzuki in Red Wings zone.
11:31 of 3rd period - Snap shot by Danton Heinen.
11:31 of 3rd period - Shot Misses the Net.
12:42 of 3rd period - Slapshot by Colton Parayko.
12:42 of 3rd period - Shot Hit the Post.
12:44 of 3rd period - Snap shot by T.J. Hensick.
12:44 of 3rd period - Stopped by Ivan Fedotov with a rebound.
13:00 of 3rd period - Wrist shot by Nick Suzuki.
13:00 of 3rd period - Stopped by Carter Hart with a rebound.
13:08 of 3rd period - Mitch Marner is hit by Logan Brown and loses puck.
14:18 of 3rd period - Minor Penalty to T.J. Hensick for Interference.
14:19 of 3rd period - Alexander Kerfoot wins face-off versus Christoffer Ehn in Red Wings zone.
14:56 of 3rd period - Icing by Quinn Hughes.
14:57 of 3rd period - Nino Niederreiter wins face-off versus Nick Suzuki in Canadiens zone.
15:24 of 3rd period - Christoffer Ehn is hit by Alexander Kerfoot and loses puck.
16:18 of 3rd period - Penalty to T.J. Hensick is over, T.J. Hensick is back on ice.
16:28 of 3rd period - Brady Tkachuk is hit by Danton Heinen and loses puck.
17:49 of 3rd period - Darnell Nurse is hit by Michael Kostka.
18:34 of 3rd period - Snap shot by Christoffer Ehn.
18:34 of 3rd period - Shot Misses the Net.
Goals for this period are 1 for Red Wings vs 0 for Canadiens.
Shots for this period are 12 for Red Wings vs 5 for Canadiens.

Overtime #1


0:01 of 1st overtime period - Artemi Panarin wins face-off versus Connor Brown in neutral zone.
0:26 of 1st overtime period - Mitch Marner is hit by Ryan Johansen and loses puck.
2:01 of 1st overtime period - Off-side.
2:02 of 1st overtime period - Mitch Marner wins face-off versus Danton Heinen in neutral zone.
2:05 of 1st overtime period - Slapshot by Quinn Hughes.
2:05 of 1st overtime period - Deflect By Alexander Kerfoot.
2:05 of 1st overtime period - Shot Misses the Net.
2:05 of 1st overtime period - Puck is out of play.
2:06 of 1st overtime period - Mitch Marner wins face-off versus Danton Heinen in Red Wings zone.
2:21 of 1st overtime period - Snap shot by Danton Heinen.
2:21 of 1st overtime period - Shot Misses the Net.
2:23 of 1st overtime period - Slapshot by Sonny Milano.
2:23 of 1st overtime period - Shot Misses the Net.
2:37 of 1st overtime period - Snap shot by Artemi Panarin.
2:37 of 1st overtime period - Shot Blocked by Colton Parayko.
2:39 of 1st overtime period - Wrist shot by Quinn Hughes.
2:39 of 1st overtime period - Stopped by Carter Hart without a rebound.
2:40 of 1st overtime period - Artemi Panarin wins face-off versus Connor Brown in Red Wings zone.
2:49 of 1st overtime period - Slapshot by Patrick Kane.
2:49 of 1st overtime period - Goal by Patrick Kane - Red Wings : 3 - Canadiens : 4.
Goals for this period are 0 for Red Wings vs 1 for Canadiens.
Shots for this period are 0 for Red Wings vs 2 for Canadiens.